 Dungeon Crawl Stone Soup version 0.29.1-14-g9c671dbff4 (webtiles) character file.

Game seed: 13100591989603861762

263 zlionsfan the Gusty (level 6, -9/42 HPs)
             Began as a Human Air Elementalist on Feb 18, 2023.
             Was a High Priest of Ru.
             Mangled by Menkaure (17 damage)
             ... on level 4 of the Dungeon.
             The game lasted 00:10:22 (3114 turns).

zlionsfan the Gusty (Human Air Elementalist)        Turns: 3114, Time: 00:10:23

Health: -9/42      AC:  4    Str:  8    XL:     6   Next: 42%
Magic:  5/10       EV: 12    Int: 17    God:    Ru [*****.]
Gold:   74         SH:  0    Dex: 14    Spells: 8/11 levels left

rFire   . . .      SeeInvis .   c - +0 short sword (venom)
rCold   . . .      Faith    .   (shield unavailable)
rNeg    . . .      Spirit   .   a - +1 robe
rPois   .          Reflect  .   (no helmet)
rElec   .          Harm     .   j - +0 cloak
rCorr   .          Rampage  .   (no gloves)
Will    .....                   (no boots)
Stlth   ++........              q - amulet of regeneration
HPRegen 0.94/turn               (ring unavailable)
MPRegen 0.12/turn               (no ring)

@: weak-willed, invisible
A: missing a hand, inability to use devices
a: Renounce Religion, Draw Out Power, Power Leap, Apocalypse


You were on level 4 of the Dungeon.
You worshipped Ru.
Ru was extremely pleased with you.
You visited 1 branch of the dungeon, and saw 4 of its levels.

You collected 98 gold pieces.
You spent 24 gold pieces at shops.

Inventory:

Hand Weapons
 c - a +0 short sword of venom (weapon)
Missiles
 f - 3 javelins
Armour
 a - a +1 robe (worn)
 j - a +0 cloak (worn)
Jewellery
 q - an amulet of regeneration (around neck)
Scrolls
 d - a scroll of noise
 g - a scroll of poison
 i - 2 scrolls of amnesia
Potions
 b - a potion of magic
 e - a potion of heal wounds {unknown}
 l - a potion of attraction {unknown}
 o - a potion of invisibility
 p - a potion of degeneration {unknown}


   Skills:
 + Level 0.7 Fighting
 + Level 0.9 Short Blades
 + Level 2.1 Dodging
 + Level 2.1 Stealth
 * Level 3.3 Spellcasting
 * Level 3.2 Conjurations
 * Level 4.6 Air Magic


You had 8 spell levels left.
You knew the following spells:

 Your Spells              Type           Power      Damage    Failure   Level
a - Shock                 Conj/Air       64%        1d7       3%          1
b - Static Discharge      Conj/Air       16%        3-5/arc   4%          2

Your spell library contained the following spells:

 Spells                   Type           Power      Damage    Failure   Level
 Swiftness                Air            18%        N/A       8%          3
 Airstrike                Air            9%         2d(2-18)  26%         4


Dungeon Overview and Level Annotations

Branches:
Dungeon (3/15)

Altars:
Ru

Shops:
D:1 ([   D:3 *

Annotations:
D:4 Menkaure


Innate Abilities, Weirdness & Mutations

You are missing a hand.
You cannot study or use magical devices.


Message History

Menkaure is severely damaged.
The zap hits the black bear.
The black bear is heavily wounded.
Menkaure closely misses you.
The black bear is engulfed in poison gas.
The black bear looks even sicker.
Casting: Shock (safe; 4% risk of failure)
Confirm with . or Enter, or press ? or * to list all spells.
Aiming: Shock (safe; 4% risk of failure)
Press: ? - help, Shift-Dir - straight line, f - black bear
Aim: a black bear (almost dead, very poisoned, 79% to hit)
The zap hits Menkaure.
Menkaure is almost destroyed.
The zap hits the black bear.
You kill the black bear!
Menkaure hits you!!
Ouch! That really hurt!
* * * LOW HITPOINT WARNING * * *
Your Conjurations skill increases to level 3!
You have reached level 6!
It was a potion of invisibility.
You fade into invisibility!
You completely miss Menkaure.
Menkaure is almost destroyed.
Menkaure misses you.
An endoplasm comes into view.
You hit Menkaure but do no damage.
Menkaure is almost destroyed.
Menkaure begins to cast a spell, but is stunned by your conviction!
You hit Menkaure.
Menkaure is almost destroyed.
Menkaure hits you.
* * * LOW HITPOINT WARNING * * *
You barely miss Menkaure.
Menkaure is almost destroyed.
Menkaure closely misses you.
You barely miss Menkaure.
Menkaure is almost destroyed.
Menkaure hits you!
You die...

*,***,,>,,,***************,,,,,**
*,,,',,,,,,* *,,,,+,,,,,*
+,,,*,,,,,,* *,,,,*,,,,,*
*,,,*,,,,,,* *,,,<*,,,,,*
*****,,,,,,*****#####**+**,,,,,**
,,,,,,***+**,,,##...#,,,,.***,,,,
,,,,,,#....#...#.○..#,,,..*,,,,*,
,,,,,,#....#...#°..°#,,...*,,,,*,
,,,,,,#....#...#@°..#,....*,,,,+,
,,,,,,#...#*#..##M.##.....*,,,,*,
#######...###..##°.#......*******
.............)....°J°.....*
...................#......*
....).(...........○#.°°$..*
...####.....#..##.°#,.○...*******
...####'############**##..,,,,,,,
....+......# *,.,,,,,,,


You could see Menkaure (weak-willed) and an endoplasm.

Vanquished Creatures
  A black bear (D:4)
  2 iguanas (D:2)
  3 adders
  3 worms
  4 dart slugs
  4 ball pythons
  4 endoplasms
  A giant cockroach (D:1)
  10 hobgoblins
  7 jackals
  9 kobolds
  2 quokkas (D:2)
  4 bats
  4 frilled lizards
  10 goblins
  5 rats
73 creatures vanquished.

Vanquished Creatures (others)
  A rat (D:2)
1 creature vanquished.

Grand Total: 74 creatures vanquished

Notes
Turn   | Place    | Note
-------+----------+-------------------------------------------
     0 | D:1      | zlionsfan the Human Air Elementalist began the quest for
                  | the Orb.
     0 | D:1      | Reached XP level 1. HP: 13/13 MP: 3/3
    32 | D:1      | Found a faded altar of an unknown god.
    38 | D:1      | Prayed at the altar of an unknown god.
    38 | D:1      | Became a worshipper of Ru the Awakened
    47 | D:1      | Gained mutation: You cannot study or use magical devices.
                  | [Ru sacrifice]
    47 | D:1      | Reached * piety under Ru
    47 | D:1      | Reached ** piety under Ru
   137 | D:1      | Found Surhoif's Antique Weapon Emporium.
   172 | D:1      | Found Feuwkaz's Antique Armour Emporium.
   179 | D:1      | Reached XP level 2. HP: 17/19 MP: 0/5
   275 | D:1      | Learned a level 2 spell: Static Discharge
   475 | D:1      | Found Furojoesm's Armour Shop.
   700 | D:1      | Reached XP level 3. HP: 24/24 MP: 2/6
  1436 | D:2      | Reached XP level 4. HP: 21/30 MP: 0/7
  1762 | D:2      | Reached skill level 4 in Air Magic
  1806 | D:2      | Reached XP level 5. HP: 24/35 MP: 3/9
  2618 | D:3      | Gained mutation: You are missing a hand. [Ru sacrifice]
  2618 | D:3      | Reached *** piety under Ru
  2618 | D:3      | Reached **** piety under Ru
  2618 | D:3      | Reached ***** piety under Ru
  2806 | D:3      | Found Foahean's General Store.
  2819 | D:3      | Bought a scroll of identify for 24 gold pieces
  2938 | D:3      | You fall into a shaft and drop 1 floor!
  3093 | D:4      | Noticed Menkaure
  3105 | D:4      | Noticed a black bear
  3108 | D:4      | Killed a black bear
  3109 | D:4      | Reached XP level 6. HP: 6/42 MP: 4/10
  3114 | D:4      | Mangled by Menkaure

Illustrated notes

Levels and vault maps discovered:
D:1:      lightli_arrival_isolated_outpost, layout_loops_ring, serial_shops,
          nicolae_shop_behind_doors, nicolae_shop_crystal, shop,
          ebering_ecumenical_altar_petrified, minmay_tripent
D:2:      layout_rooms, feat_on_display
D:3:      layout_basic, serial_shops, nicolae_diamond_shop, serial_park_tiny_2,
          minmay_bisected
D:4:      layout_gridville, nicolae_figureground_pulse, uniq_ijyb, uniq_natasha,
          uniq_menkaure

Skill      XL: |  1  2  3  4  5 |
---------------+----------------+-----
Conjurations   | 2 3 |  3.2
Air Magic      | 4 |  4.6
Spellcasting   | 3 |  3.3
Fighting       | |  0.7
Short Blades   | |  0.9
Dodging        | |  2.1
Stealth        | |  2.1

Action                   |  1- 3 |  4- 6 || total
-------------------------+-------+-------++-------
Melee: Mace              |     2 |       ||     2
       Short sword       |    22 |    35 ||    57
 Cast: Shock             |    54 |    72 ||   126
Invok: Sacrifice Artific |     1 |       ||     1
       Sacrifice a Hand  |       |     1 ||     1
  Use: Scroll            |       |     7 ||     7
       Potion            |       |     1 ||     1
 Stab: Invisible         |     1 |       ||     1
       Sleeping          |       |     1 ||     1
Armor: Robe              |     5 |     3 ||     8
Dodge: Dodged            |    13 |    17 ||    30
